 Dungeon Crawl Stone Soup version 0.31.0-11-ge490571c62 (webtiles) character file.

Game seed: 16290006475120351326

5367 ProzacElf the Carver (level 10, -2/70 HPs)
             Began as a Djinni Chaos Knight on Feb 4, 2024.
             Was a Plaything of Xom.
             Slain by a yak (5 damage)
             ... on level 9 of the Dungeon.
             The game lasted 00:23:20 (8296 turns).

ProzacElf the Carver (Djinni Chaos Knight)          Turns: 8296, Time: 00:23:20

Health: -2/70      AC: 10    Str: 10    XL:     10   Next: 97%
Gold:   462        EV: 14    Int: 23    God:    Xom [...*..] SH:  0 Dex: 17

rFire   + + .        a - +3 great sword
rCold   x . .        (shield currently unavailable)
rNeg    . . .        Q - +0 steam dragon scales
rPois   ∞            (helmet restricted)
rElec   .            (no cloak)
rCorr   +            (no gloves)
SInv    +            (boots unavailable)
Will    +....        (no amulet)
Stlth   +++          s - ring of resist corrosion
HPRegen 0.00/turn    z - +6 ring of intelligence
MPRegen 0.00/turn

%: infuse magic (-3 HP)
@: flying, inhibited regen
A: sickness immunity, fire resistance 2, cold vulnerability 1, float, innate
caster, HP casting, extra vitality 1, horns 1, iridescent scales 2, see
invisible, clever 1, inhibited regeneration, wild magic 1
a: Renounce Religion


You were on level 9 of the Dungeon.
You worshipped Xom.
You were a favourite toy of Xom.
You visited 2 branches of the dungeon, and saw 10 of its levels.
You also visited: Sewer.

You collected 462 gold pieces.

Inventory:

Hand Weapons
 a - a +3 great sword (weapon)
 b - a +0 dagger
 E - a +0 flail of draining
 H - a +0 sling of freezing
 P - a +1 glaive of draining
 T - a +0 falchion of chaos
 V - the +0 dagger of the Many Thickets {speed, *Slow rF++ Int+3}
   (You found it on level 9 of the Dungeon)

   Int+3:     It affects your intelligence (+3).
   rF++:      It greatly protects you from fire.
   *Slow:     It may slow you when you take damage.
Missiles
 x - 3 curare-tipped darts (quivered)
 M - 14 poisoned darts
Armour
 k - a +2 leather armour
 r - a +0 helmet
 v - a +0 chain mail
 O - a +1 leather armour of fire resistance
 Q - +0 steam dragon scales (worn)
 U - a +3 plate armour
Magical Staves
 A - a staff of cold
Jewellery
 s - a ring of resist corrosion (left hand)
 z - a +6 ring of intelligence (right hand)
 C - a ring of wizardry
 G - a +6 ring of dexterity
 L - a +6 ring of dexterity
Wands
 y - a wand of flame (13)
 J - a wand of polymorph (15)
 N - a wand of paralysis (3)
Scrolls
 c - 2 scrolls of butterflies
 e - 2 scrolls of blinking
 n - 3 scrolls of vulnerability
 p - a scroll of enchant weapon {unknown}
 q - a scroll of revelation
 t - a scroll of immolation
 u - a scroll of fog {unknown}
 w - a scroll of teleportation
 D - a scroll of amnesia {unknown}
 I - a scroll of poison {unknown}
 K - a scroll of fear {unknown}
 R - a scroll of enchant armour {unknown}
 S - a scroll of torment {unknown}
Potions
 d - 4 potions of curing
 f - 2 potions of haste
 g - a potion of lignification
 h - 2 potions of invisibility
 i - a potion of enlightenment
 j - 2 potions of mutation
 l - 2 potions of attraction
 m - 2 potions of degeneration {unknown}
 o - 3 potions of heal wounds
 B - a potion of resistance
 F - 2 potions of might {unknown}
 W - a potion of ambrosia {!e}


   Skills:
 - Level 5.0 Fighting
 + Level 10.3 Long Blades
 - Level 5.0 Armour
 - Level 5.0 Dodging
 - Level 5.0 Stealth
 - Level 2.0 Spellcasting
 - Level 2.0 Conjurations
 - Level 2.0 Hexes
 - Level 2.0 Summonings
 - Level 2.0 Necromancy
 - Level 2.0 Translocations
 - Level 2.0 Fire Magic
 - Level 2.0 Ice Magic
 - Level 2.0 Air Magic
 - Level 2.0 Earth Magic
 - Level 2.0 Alchemy
 - Level 5.0 Evocations


You knew the following spells:

 Your Spells              Type           Power      Damage    Failure   Level
a - Shock                 Conj/Air       56%        1d6       9%          1
b - Ensorcelled Hibernat  Hex/Ice        28%        N/A       13%         2
c - Teleport Other        Tloc           14%        N/A       24%         3
w - Swiftness             Air            14%        N/A       24%         3
Your spell library was empty.

Dungeon Overview and Level Annotations

Branches:
Dungeon (9/15)             Temple (1/1) D:7            Lair (0/5) D:8
  Sewer (visited)
    Orc: D:9-12

Altars:
Ashenzari
Cheibriados
Dithmenos
Elyvilon
Fedhas
Gozag
Hepliaklqana
Makhleb
Nemelex Xobeh
Okawaru
Qazlal
Ru
Uskayaw
Wu Jian
Xom
Yredelemnul
Zin
The Shining One

Shops:
D:3 :

Annotations:
D:7 2 transporters, PaiMei's ghost, novice DsNe


Innate Abilities, Weirdness & Mutations

You are immune to sickness and miasma.
You are immune to poison.
Your flesh is very heat resistant. (rF++)
You are vulnerable to cold. (rC-)
You float through the air rather than walking.
You learn spells naturally, not from books.
Your magical power is your life essence.
You have superior vitality. (+4 MHP)
You have a pair of small horns on your head.
You are mostly covered in iridescent scales. (AC +4)
You have supernaturally acute eyesight. (SInv)
Your mind is acute. (Int +4, Str/Dex -1)
You do not regenerate when monsters are visible.
Your spells are a little harder to cast, but a little more powerful.


Message History

Tha yak barely misses ye.
Ye hit tha yak.
Tha yak be heavily wounded.
Tha yak gores ye.
Ye take 4 damage, an' haf 47/70 hp.
Ye hit tha yak.
Tha yak be severely wounded.
Tha yak gores ye.
Ye take 3 damage, an' haf 44/70 hp.
Ye barely miss tha yak.
Ye headbutt tha yak.
Tha yak be severely wounded.
Tha yak gores ye but does nay damage.
Ye barely miss tha yak.
Tha yak be severely wounded.
Tha yak gores ye but does nay damage.
Tha yak misses ye.
Ye hit tha yak.
Tha yak be almost dead.
Tha yak gores ye!
Ye take 11 damage, an' haf 33/70 hp.
Ye slash tha yak!
Ye kill tha yak!
Ye hit tha yak.
Tha yak be severely wounded.
Tha yak gores ye.
Ye take 5 damage, an' haf 28/70 hp.
Ye barely miss tha yak.
Tha yak be severely wounded.
Tha yak barely misses ye.
Tha yak gores ye but does nay damage.
Ye slice tha yak!!
Ye kill tha yak!
Tha yak gores ye!
* * * LOW HITPOINT WARNIN'
* * * Ye take 12 damage, an' haf 16/70 hp.
Ye slash tha yak!
Tha yak be heavily wounded.
Tha yak gores ye!
* * * LOW HITPOINT WARNIN'
* * * Ye take 13 damage, an' haf 3/70 hp.
Tha yak attacks as it pursues ye!
Tha yak gores ye.
Ye die...

#........# #.......#
#........# #.......#
#........# #.......#
#.).....<####.......#
+........'..#.......#
#........##.#.......#
#........##.........#
###+#########.......#
#...@...# ####Y####
#†## #..#
#####'######
#.........$# .
#..........# ..
#..Y.......# ...
#..........#


You could see a yak.

Vanquished Creatures
  Maggie (D:7)
  Grinder (D:3)
  Sigmund (D:3)
  7 yaks
  2 wyverns
  A water moccasin (D:6)
  Pargi (Sewer)
  An orc warrior (Temple)
  An ogre (D:6)
  A centaur (D:7)
  2 phantoms
  2 kobold brigands
  A brain worm (Sewer)
  2 bullfrogs (D:8)
  2 scorpions
  3 wights (D:8)
  13 killer bees
  3 howler monkeys (D:8)
  2 bombardier beetles (D:5)
  A jelly (D:6)
  A gnoll bouda (D:8)
  5 hounds
  Natasha (twice) (D:3)
  3 iguanas
  An orc wizard (D:7)
  7 gnolls
  9 adders
  A river rat (D:3)
  A white imp (D:6)
  2 dart slugs
  3 ribbon worms
  9 orcs
  An endoplasm (D:3)
  6 giant cockroaches
  10 goblins
  9 hobgoblins
  3 jackals (D:4)
  3 quokkas
  2 ball pythons
  5 bats
  A frilled lizard (D:3)
  10 kobolds
  4 rats
146 creatures vanquished.

Vanquished Creatures (collateral kills)
  A komodo dragon (D:8)
  A wyvern (D:7)
  Edmund (D:4)
  An ogre (D:4)
  A black bear (D:5)
  A bombardier beetle (D:4)
  A jelly (D:4)
  An orc wizard (D:5)
  A white imp (D:5)
  2 ufetubi (D:4)
  An orc (D:4)
  2 kobolds
14 creatures vanquished.

Vanquished Creatures (others)
  A yak (D:8)
  A bullfrog (D:8)
2 creatures vanquished.

Grand Total: 162 creatures vanquished

Notes
Turn   | Place    | Note
-------+----------+-------------------------------------------
     0 | D:1      | ProzacElf the Djinni Chaos Knight began the quest for the
                  | Orb.
     0 | D:1      | Reached XP level 1. HP: 20/20 MP: 0/0
    89 | D:1      | a bat changed into a killer bee
    89 | D:1      | Noticed a killer bee
    92 | D:1      | Killed a killer bee
    93 | D:1      | Reached skill level 3 in Long Blades
    93 | D:1      | Reached skill level 1 in Stealth
    93 | D:1      | Reached XP level 2. HP: 21/25 MP: 0/0
    93 | D:1      | Reached XP level 3. HP: 25/30 MP: 0/0
    93 | D:1      | Learned a level 1 spell: Shock
   157 | D:1      | Reached XP level 4. HP: 27/35 MP: 0/0
   652 | D:2      | Found a faded altar of an unknown god.
  1130 | D:2      | XOM: silly message
  1236 | D:2      | XOM: noise
  1401 | D:2      | XOM: silly message
  1504 | D:3      | Reached XP level 5. HP: 35/40 MP: 0/0
  1504 | D:3      | Learned a level 2 spell: Ensorcelled Hibernation
  1525 | D:3      | Found a glowing drain.
  1531 | Sewer    | Entered a sewer
  1533 | Sewer    | Noticed a brain worm
  1535 | Sewer    | XOM: enchant monster (bad)
  1544 | Sewer    | Killed a brain worm
  1545 | Sewer    | Reached skill level 4 in Long Blades
  1545 | Sewer    | Reached skill level 1 in Spellcasting
  1545 | Sewer    | Reached skill level 1 in Conjurations
  1545 | Sewer    | Reached skill level 1 in Hexes
  1545 | Sewer    | Reached skill level 1 in Summonings
  1545 | Sewer    | Reached skill level 1 in Necromancy
  1545 | Sewer    | Reached skill level 1 in Translocations
  1545 | Sewer    | Reached skill level 1 in Fire Magic
  1545 | Sewer    | Reached skill level 1 in Ice Magic
  1545 | Sewer    | Reached skill level 1 in Air Magic
  1545 | Sewer    | Reached skill level 1 in Earth Magic
  1545 | Sewer    | Reached skill level 1 in Alchemy
  1577 | Sewer    | Reached XP level 6. HP: 46/46 MP: 0/0
  1674 | Sewer    | Noticed Pargi
  1685 | Sewer    | Killed Pargi
  1686 | Sewer    | Reached XP level 7. HP: 50/50 MP: 0/0
  1686 | Sewer    | Learned a level 3 spell: Swiftness
  1697 | D:3      | XOM: 1-stop teleportation journey
  1852 | D:3      | Found Xaosioh's Vocational Training.
  2034 | D:3      | XOM: 1-stop teleportation journey
  2092 | D:3      | Noticed Sigmund
  2157 | D:3      | XOM: summons 3 hostile demons
  2164 | D:3      | Killed Sigmund
  2165 | D:3      | Reached skill level 5 in Long Blades
  2277 | D:3      | Noticed Grinder
  2330 | D:3      | XOM: summons 2 friendly demons
  2331 | D:3      | XOM: divine lightning
  2334 | D:3      | Killed Grinder
  2371 | D:3      | XOM: 3-stop teleportation journey
  2419 | D:3      | Noticed Natasha
  2431 | D:3      | Killed Natasha
  2521 | D:3      | Noticed Natasha
  2530 | D:3      | Killed Natasha
  2629 | D:3      | XOM: give mutations
  2629 | D:3      | Gained mutation: You have hidden genetic potential. [Xom's
                  | grace]
  2629 | D:3      | Gained mutation: Your natural rate of healing is unusually
                  | fast. [Xom's grace]
  2629 | D:3      | Gained mutation: Your mind is acute. (Int +4, Str/Dex -1)
                  | [Xom's grace]
  2629 | D:3      | Gained mutation: Your muscles are strong. (Str +4, Int/Dex
                  | -1) [Xom's grace]
  2724 | D:4      | XOM: summons friendly shadow imp
  2731 | D:4      | Reached XP level 8. HP: 47/56 MP: 0/0
  2782 | D:4      | Reached skill level 5 in Stealth
  2782 | D:4      | Noticed Edmund
  2785 | D:4      | Killed Edmund
  2786 | D:4      | Reached skill level 6 in Long Blades
  3258 | D:5      | Entered Level 5 of the Dungeon
  3345 | D:4      | XOM: noise
  3435 | D:5      | XOM: summons friendly shadow imp
  3534 | D:5      | XOM: silly message
  3575 | D:5      | XOM: give mutations
  3575 | D:5      | Gained mutation: Your spells are a little harder to cast,
                  | but a little more powerful. [Xom's mischief]
  3609 | D:5      | XOM: cast spell 'Summon Small Mammal'
  3737 | D:5      | XOM: 1-stop teleportation journey
  3913 | D:5      | Found a glowing golden altar of the Shining One.
  3913 | D:5      | Found a faded altar of an unknown god.
  3921 | D:5      | Found an iron altar of Okawaru.
  3923 | D:5      | Found an ornate altar of the Wu Jian Council.
  3925 | D:5      | Found a faded altar of an unknown god.
  3931 | D:5      | XOM: potion effect (brilliance)
  3936 | D:5      | XOM: summons 5 friendly demons
  4092 | D:5      | XOM: 1-stop teleportation journey
  4137 | D:5      | XOM: enchant monster (bad)
  4138 | D:5      | XOM: summons friendly iron imp
  4341 | D:5      | Noticed a wyvern
  4348 | D:5      | Killed a wyvern
  4349 | D:5      | Reached skill level 7 in Long Blades
  4349 | D:5      | Reached skill level 5 in Dodging
  4349 | D:5      | Reached XP level 9. HP: 59/60 MP: 0/0
  4349 | D:5      | Learned a level 3 spell: Teleport Other
  4512 | D:6      | XOM: potion effect (brilliance)
  4541 | D:6      | Reached skill level 8 in Long Blades
  4558 | D:6      | Gained mutation: You are partially covered in iridescent
                  | scales. (AC +2) [hidden potential]
  4944 | D:6      | XOM: give mutations
  4944 | D:6      | Lost mutation: Your muscles are strong. (Str +4, Int/Dex
                  | -1) [Xom's mischief]
  4944 | D:6      | Lost mutation: Your natural rate of healing is unusually
                  | fast. [Xom's mischief]
  4944 | D:6      | Gained mutation: You do not regenerate when monsters are
                  | visible. [Xom's mischief]
  4944 | D:6      | Gained mutation: You are mostly covered in iridescent
                  | scales. (AC +4) [Xom's mischief]
  4944 | D:6      | Gained mutation: You have a pair of small horns on your
                  | head. [Xom's mischief]
  5083 | D:7      | XOM: summons friendly white imp
  5123 | D:7      | XOM: noise
  5265 | D:7      | Found a blossoming altar of Fedhas.
  5300 | D:7      | Found a transporter.
  5300 | D:7      | Found a transporter.
  5302 | D:7      | Noticed PaiMei's ghost (novice DsNe)
  5443 | D:7      | XOM: summons 9 friendly demons
  5454 | D:7      | Reached skill level 9 in Long Blades
  5454 | D:7      | Reached skill level 1 in Evocations
  5477 | D:7      | Noticed a queen bee
  5564 | D:7      | Found a staircase to the Ecumenical Temple.
  5575 | Temple   | Entered the Ecumenical Temple
  5583 | D:7      | XOM: summons friendly ufetubus
  6010 | D:7      | Noticed Maggie
  6025 | D:7      | Killed Maggie
  6026 | D:7      | Reached XP level 10. HP: 26/67 MP: 0/0
  6615 | D:8      | Found a stormy altar of Qazlal.
  6615 | D:8      | Found a shimmering altar of Xom.
  6615 | D:8      | Found a sparkling altar of Nemelex Xobeh.
  6615 | D:8      | Found a white marble altar of Elyvilon.
  6615 | D:8      | XOM: 3-stop teleportation journey
  6625 | D:8      | XOM: potion effect (berserk rage)
  6640 | D:8      | XOM: silly message
  6649 | D:8      | Reached skill level 10 in Long Blades
  6649 | D:8      | Gained mutation: You have supernaturally acute eyesight.
                  | (SInv) [hidden potential]
  6649 | D:8      | Lost mutation: You have hidden genetic potential. [hidden
                  | potential expressed]
  6688 | D:8      | XOM: smoke on damage
  6769 | D:8      | XOM: noise
  6810 | D:8      | Found a shadowy altar of Dithmenos.
  6811 | D:8      | Found a broken altar of Ashenzari.
  6868 | D:8      | Reached skill level 5 in Evocations
  6922 | D:8      | Found a staircase to the Lair.
  6923 | D:8      | Noticed a komodo dragon
  6944 | D:8      | XOM: cast spell 'Summon Mana Viper'
  6947 | D:8      | Killed a komodo dragon
  7262 | D:8      | XOM: confuse monster(s)
  7266 | D:8      | XOM: summons 3 friendly demons
  7275 | D:8      | XOM: potion effect (berserk rage)
  7295 | D:8      | XOM: polymorph yak -> bullfrog
  7299 | D:8      | XOM: summons 3 friendly demons
  7308 | D:8      | XOM: god gift: flail {god gift}
  7616 | D:8      | XOM: summons friendly iron imp
  7630 | D:8      | Reached skill level 5 in Fighting
  7851 | D:8      | XOM: god gift: scroll of butterflies
  8036 | D:9      | Identified the +0 dagger of the Many Thickets {speed, *Slow
                  | rF++ Int+3}
  8043 | D:9      | XOM: scenery: 1 doors open
  8047 | D:9      | XOM: cleaving
  8063 | D:9      | XOM: cleaving
  8267 | D:9      | XOM: summons friendly quasit
  8280 | D:9      | Reached skill level 5 in Armour
  8295 | D:9      | HP: 3/70 [yak (13)]
  8296 | D:9      | Slain by a yak

Illustrated notes

Levels and vault maps discovered:
D:1:      ncdulo_wetmaze, layout_rooms, minmay_cut_off
D:2:      layout_basic, hellmonk_ecumenical_altar_lost_god
D:3:      layout_loops_ring, mainiacjoe_sewer_entry_somewhere_in_here_2,
          chequers_avenue, nicolae_shop_vocational, uniq_grinder, uniq_sigmund,
          uniq_natasha
D:4:      layout_loops_ring, uniq_edmund
D:5:      minmay_razor_zed, layout_gridville,
          chequers_temple_overflow_minitemple, kennysheep_big_empty_room
D:6:      layout_cave_pools, minmay_misc_feat_columns
D:7:      layout_cave_pools, mainiacjoe_overflow_chevrons,
          minmay_temple_entry_drinking_statues, gammafunk_ghost_hive,
          uniq_maggie
D:8:      layout_basic, grunt_temple_overflow_open, david_lair_shrubbed
D:9:      layout_roguey, minmay_alternating_orb
Temple:   dpeg_three_leaves_temple

Skill      XL: |  1  2  3  4  5  6  7  8  9 10 |
---------------+-------------------------------+-----
Long Blades    | 3 4 5 7 9 10 | 10.3
Stealth        | 1 2 3 4 5 |  5.0
Spellcasting   | 1 2 |  2.0
Conjurations   | 1 2 |  2.0
Hexes          | 1 2 |  2.0
Summonings     | 1 2 |  2.0
Necromancy     | 1 2 |  2.0
Translocations | 1 2 |  2.0
Fire Magic     | 1 2 |  2.0
Ice Magic      | 1 2 |  2.0
Air Magic      | 1 2 |  2.0
Earth Magic    | 1 2 |  2.0
Alchemy        | 1 2 |  2.0
Dodging        | 5 |  5.0
Evocations     | 3 5 |  5.0
Armour         | 5 |  5.0
Fighting       | 5 |  5.0

Action                     |  1- 3 |  4- 6 |  7- 9 | 10-12 || total
---------------------------+-------+-------+-------+-------++-------
  Melee: Falchion          |    24 |   109 |   328 |    88 ||   549
         Dagger            |       |       |     1 |     1 ||     2
         Headbutt          |       |       |    15 |    35 ||    50
         Punch             |       |       |     1 |     4 ||     5
         Great sword       |       |       |       |    81 ||    81
  Throw: Dart              |       |       |     3 |     2 ||     5
   Cast: Ensorcelled Hiber |       |       |     4 |       ||     4
         Shock             |       |       |     1 |       ||     1
  Evoke: Wand              |       |       |     6 |     1 ||     7
    Use: Potion            |       |       |     1 |     2 ||     3
         Scroll            |       |       |    11 |     4 ||    15
   Stab: Sleeping          |       |    10 |    15 |     3 ||    28
         Confused          |       |     3 |     2 |       ||     5
         Distracted        |       |       |     4 |     4 ||     8
         Paralysed         |       |       |     7 |     3 ||    10
         Petrifying        |       |       |     1 |       ||     1
         Invisible         |       |       |       |     1 ||     1
 Armour: Leather armour    |    18 |    50 |   235 |       ||   303
         Steam dragon scal |       |       |       |   115 ||   115
  Dodge: Dodged            |    17 |    63 |   229 |   131 ||   440

Action                     |  1- 3 |  4- 6 |  7- 9 | 10-12 || total
---------------------------+-------+-------+-------+-------++-------
  Melee: Falchion          |    24 |   109 |   328 |    88 ||   549
         Dagger            |       |       |     1 |     1 ||     2
         Headbutt          |       |       |    15 |    35 ||    50
         Punch             |       |       |     1 |     4 ||     5
         Great sword       |       |       |       |    81 ||    81
  Throw: Dart              |       |       |     3 |     2 ||     5
   Cast: Ensorcelled Hiber |       |       |     4 |       ||     4
         Shock             |       |       |     1 |       ||     1
  Evoke: Wand              |       |       |     6 |     1 ||     7
    Use: Potion            |       |       |     1 |     2 ||     3
         Scroll            |       |       |    11 |     4 ||    15
   Stab: Sleeping          |       |    10 |    15 |     3 ||    28
         Confused          |       |     3 |     2 |       ||     5
         Distracted        |       |       |     4 |     4 ||     8
         Paralysed         |       |       |     7 |     3 ||    10
         Petrifying        |       |       |     1 |       ||     1
         Invisible         |       |       |       |     1 ||     1
 Armour: Leather armour    |    18 |    50 |   235 |       ||   303
         Steam dragon scal |       |       |       |   115 ||   115
  Dodge: Dodged            |    17 |    63 |   229 |   131 ||   440

Levels and vault maps discovered:
D:1:      ncdulo_wetmaze, layout_rooms, minmay_cut_off
D:2:      layout_basic, hellmonk_ecumenical_altar_lost_god
D:3:      layout_loops_ring, mainiacjoe_sewer_entry_somewhere_in_here_2,
          chequers_avenue, nicolae_shop_vocational, uniq_grinder, uniq_sigmund,
          uniq_natasha
D:4:      layout_loops_ring, uniq_edmund
D:5:      minmay_razor_zed, layout_gridville,
          chequers_temple_overflow_minitemple, kennysheep_big_empty_room
D:6:      layout_cave_pools, minmay_misc_feat_columns
D:7:      layout_cave_pools, mainiacjoe_overflow_chevrons,
          minmay_temple_entry_drinking_statues, gammafunk_ghost_hive,
          uniq_maggie
D:8:      layout_basic, grunt_temple_overflow_open, david_lair_shrubbed
D:9:      layout_roguey, minmay_alternating_orb
Temple:   dpeg_three_leaves_temple
